[Event "45th FIDE Womens Olympiad 2024"]
[Site "Budapest"]
[Date "2024.09.14"]
[Round "4.103"]
[White "Nithyalakshmi, Sivanesan"]
[Black "Narva, Triin"]
[Result "0-1"]
[ECO "B23"]
[WhiteElo "1912"]
[BlackElo "2066"]
[Annotator "NA"]
[PlyCount "110"]
[EventDate "2024.09.05"]
[EventType "team-tourn"]
[EventCountry "HUN"]
[SourceTitle "playchess.com"]
[Source "ChessBase"]
[SourceQuality "1"]
[WhiteTeam "Malaysia"]
[BlackTeam "Estonia"]
[WhiteTeamCountry "MAS"]
[BlackTeamCountry "EST"]
[TimeControl "40/5400+30:1800+30"]

1. e4 c5 2. Nc3 Nc6 3. Bb5 Nd4 4. Nf3 a6 5. Bd3 g6 6. Nxd4 cxd4 7. Ne2 Bg7 8. O-O d5 9. exd5 Qxd5 10. c3 Bd7 11. Qb3 Qxb3 12. axb3 Bc6 13. Nxd4 Bxd4 14. cxd4 Rd8 15. Bc4 Nh6 16. Ra5 Rxd4 17. d3 Nf5 18. Be3 Rd7 19. Rc5 O-O 20. Bxa6 Bxg2 21. Kxg2 bxa6 22. d4 Rb8 23. Rc3 Rdb7 24. Bf4 Rd8 25. Ra1 f6 26. Rxa6 Rxd4 27. Be3 Rg4+ 28. Kf3 Rg1 29. Rb6 Rd7 30. b4 Rdd1 31. b5 Nh4+ 32. Ke4 Kf7 33. h3 f5+ 34. Ke5 Nf3+ 35. Kf4 Ng5 36. Ke5 Nxh3 37. Bd4 Rg4 38. Rxh3 Re4+ 39. Kd5 Rdxd4+ 40. Kc6 h5 41. Rb8 Rc4+ 42. Kb6 Rc2 43. b3 Rxf2 44. Rc8 Rfe2 45. Rcc3 f4 46. Ka7 Rb4 47. Kb6 Re5 48. Rc5 Re3 49. Rc3 Rbe4 50. Kc5 Rxh3 51. Rxh3 Re3 52. Rh4 g5 53. Rxh5 Kg6 54. Rh8 Rxb3 55. Rg8+ Kf5 0-1

[Event "45th FIDE Womens Olympiad 2024"]
[Site "Budapest"]
[Date "2024.09.14"]
[Round "4.104"]
[White "Olde, Grete"]
[Black "Mohd Tarmizi, Nur Uzma Bazilah"]
[Result "1/2-1/2"]
[ECO "B22"]
[WhiteElo "1952"]
[BlackElo "1756"]
[Annotator "ChessBase"]
[PlyCount "147"]
[EventDate "2024.09.05"]
[EventType "team-tourn"]
[EventCountry "HUN"]
[SourceTitle "playchess.com"]
[Source "ChessBase"]
[SourceQuality "1"]
[WhiteTeam "Estonia"]
[BlackTeam "Malaysia"]
[WhiteTeamCountry "EST"]
[BlackTeamCountry "MAS"]
[TimeControl "40/5400+30:1800+30"]

1. e4 c5 2. c3 Nf6 3. e5 Nd5 4. d4 cxd4 5. Nf3 d6 6. cxd4 Nc6 7. Bc4 Nb6 8. Bb5 Bd7 9. Nc3 e6 10. O-O a6 11. Bd3 d5 12. Be3 Be7 13. Bb1 Nc4 14. Bc1 b5 15. h3 Qb6 16. Ne2 f6 17. b3 N4a5 18. exf6 gxf6 19. Nf4 O-O-O 20. Re1 Rde8 21. Nh5 Reg8 22. Be3 Qc7 23. Kh1 Be8 24. Nf4 Qd7 25. Bd2 Bf7 26. a4 b4 27. Bd3 Kb7 28. Rb1 Bd6 29. Qe2 e5 30. dxe5 fxe5 31. Bxa6+ Ka8 32. Bb5 exf4 33. Rec1 Qb7 34. Bxc6 Nxc6 35. a5 Re8 36. Qf1 Na7 37. Nd4 Be5 38. Nf3 Bd6 39. Nd4 Rc8 40. Re1 Rhe8 41. Red1 Bg6 42. Rbc1 Be5 43. Nf3 Bd6 44. Nd4 Bc5 45. Bxf4 Bxd4 46. Rxd4 Rxc1 47. Qxc1 Nc6 48. Rxd5 Be4 49. a6 Qc8 50. Rg5 Qxh3+ 51. Kg1 Qxb3 52. Qc5 Qd1+ 53. Kh2 Qd4 54. Qb5 Qd7 55. f3 Bd3 56. Qc5 Bxa6 57. Rg7 Re7 58. Rg8+ Kb7 59. Rg4 Qd4 60. Qxd4 Nxd4 61. Bd6 Nxf3+ 62. gxf3 Re2+ 63. Kg3 b3 64. Rb4+ Kc6 65. Rxb3 Kxd6 66. Rb6+ Ke5 67. Rxa6 Kf5 68. Rh6 Re7 69. Rh5+ Kg6 70. Kg4 Rb7 71. f4 Rb1 72. Rg5+ Kf6 73. Rf5+ Kg6 74. Rg5+ 1/2-1/2

[Event "45th FIDE Womens Olympiad 2024"]
[Site "Budapest"]
[Date "2024.09.14"]
[Round "4.105"]
[White "Cori T., Deysi"]
[Black "Nassr, Lina"]
[Result "1-0"]
[ECO "A14"]
[WhiteElo "2366"]
[BlackElo "2010"]
[Annotator "ChessBase"]
[PlyCount "95"]
[EventDate "2024.09.05"]
[EventType "team-tourn"]
[EventCountry "HUN"]
[SourceTitle "playchess.com"]
[Source "ChessBase"]
[SourceQuality "1"]
[WhiteTeam "Peru"]
[BlackTeam "Algeria"]
[WhiteTeamCountry "PER"]
[BlackTeamCountry "ALG"]
[TimeControl "40/5400+30:1800+30"]

1. Nf3 d5 2. g3 Nf6 3. Bg2 e6 4. O-O Be7 5. c4 O-O 6. b3 c5 7. Bb2 Nc6 8. cxd5 Nxd5 9. Nc3 b6 10. d4 Bb7 11. dxc5 Nxc3 12. Bxc3 Bxc5 13. Qc1 Qe7 14. a3 a5 15. Qb2 f6 16. Nd2 Rfd8 17. e3 b5 18. Ne4 b4 19. axb4 axb4 20. Bxf6 gxf6 21. Rac1 Bd6 22. Nxf6+ Kf7 23. Ng4 Qg5 24. Qe2 h5 25. Bxc6 Bxc6 26. Nh6+ Qxh6 27. Rxc6 Rac8 28. Qf3+ Kg8 29. Rd1 Rxc6 30. Qxc6 e5 31. Qc4+ Kf8 32. Rd5 Qf6 33. Qe4 Kg7 34. Kg2 Rf8 35. f4 Re8 36. Qd3 e4 37. Qb5 Rb8 38. Qd7+ Be7 39. Re5 Kf7 40. Rf5 Rd8 41. Rxf6+ Kxf6 42. Qc6+ Kf7 43. Qxe4 Rd2+ 44. Kh3 Rb2 45. Qh7+ Ke6 46. Qxh5 Rd2 47. e4 Bf6 48. Qf5+ 1-0

[Event "45th FIDE Womens Olympiad 2024"]
[Site "Budapest"]
[Date "2024.09.14"]
[Round "4.106"]
[White "Latreche, Sabrina"]
[Black "Aliaga Fernandez, Ingrid Y"]
[Result "0-1"]
[ECO "B48"]
[WhiteElo "2030"]
[BlackElo "2111"]
[Annotator "NA"]
[PlyCount "76"]
[EventDate "2024.09.05"]
[EventType "team-tourn"]
[EventCountry "HUN"]
[SourceTitle "playchess.com"]
[Source "ChessBase"]
[SourceQuality "1"]
[WhiteTeam "Algeria"]
[BlackTeam "Peru"]
[WhiteTeamCountry "ALG"]
[BlackTeamCountry "PER"]
[TimeControl "40/5400+30:1800+30"]

1. e4 c5 2. Nf3 e6 3. d4 cxd4 4. Nxd4 Nc6 5. Be3 Nf6 6. Nc3 Qc7 7. g3 a6 8. Bg2 Ne5 9. O-O d6 10. a4 Be7 11. Nf3 Nc4 12. Bc1 O-O 13. b3 Ne5 14. Bb2 b6 15. Nd4 Bb7 16. Qe2 Nc6 17. Nf3 Rac8 18. Rfd1 Rfd8 19. Rac1 Nd7 20. Nb1 Qb8 21. h4 Nde5 22. Nxe5 dxe5 23. Qg4 Nd4 24. f4 f5 25. Qh5 Bc5 26. Kh1 Bxe4 27. Bxe4 fxe4 28. Qxe5 Qxe5 29. fxe5 Nf5 30. g4 Nxh4 31. Re1 e3 32. Ba3 Rd4 33. Bxc5 Rxc5 34. Rxe3 Rxg4 35. Nd2 Nf5 36. Ree1 Rc3 37. Nf1 Rh3+ 38. Nh2 Rgh4 0-1

[Event "45th FIDE Womens Olympiad 2024"]
[Site "Budapest"]
[Date "2024.09.14"]
[Round "4.107"]
[White "Contreras Huaman, Fiorella"]
[Black "Nassr, Rania"]
[Result "1/2-1/2"]
[ECO "B25"]
[WhiteElo "2168"]
[BlackElo "1866"]
[Annotator "ChessBase"]
[PlyCount "105"]
[EventDate "2024.09.05"]
[EventType "team-tourn"]
[EventCountry "HUN"]
[SourceTitle "playchess.com"]
[Source "ChessBase"]
[SourceQuality "1"]
[WhiteTeam "Peru"]
[BlackTeam "Algeria"]
[WhiteTeamCountry "PER"]
[BlackTeamCountry "ALG"]
[TimeControl "40/5400+30:1800+30"]

1. e4 c5 2. Nc3 e6 3. g3 Nc6 4. Bg2 g6 5. d3 Bg7 6. Be3 d6 7. Qd2 a6 8. f4 Nge7 9. Nf3 Nd4 10. O-O O-O 11. Nd1 d5 12. e5 Nxf3+ 13. Bxf3 Qc7 14. b4 b6 15. bxc5 bxc5 16. Qc3 Bb7 17. Qxc5 Rfc8 18. Qxc7 Rxc7 19. Rb1 Bc6 20. Rf2 Rac8 21. c3 Bb5 22. Rd2 f6 23. Bg4 Kf7 24. Bd4 f5 25. Be2 g5 26. Bb6 Rc6 27. Be3 gxf4 28. gxf4 Ng6 29. Bh5 Bh6 30. Rb4 Bf8 31. Rb1 Bh6 32. Kf2 Kg7 33. Kf3 Kf7 34. Bd4 Ke7 35. Bxg6 hxg6 36. Nb2 R6c7 37. Rg1 Rg8 38. h4 Be8 39. Nd1 Kf7 40. Rb2 Bb5 41. Nf2 Bf8 42. Ra1 Be7 43. Rh1 Rh8 44. Kg3 Rh5 45. Rh3 Rc8 46. Rb1 Rch8 47. Rbh1 Rb8 48. Rb1 Rbh8 49. Rbh1 Rb8 50. Rb1 Rbh8 51. Rbh1 Rb8 52. Rb1 Rbh8 53. Rbh1 1/2-1/2

[Event "45th FIDE Womens Olympiad 2024"]
[Site "Budapest"]
[Date "2024.09.14"]
[Round "4.108"]
[White "Djerroud, Chahrazed"]
[Black "Garcia Andrada, Heidy Nicole"]
[Result "0-1"]
[ECO "B41"]
[WhiteElo "1910"]
[BlackElo "2003"]
[Annotator "NA"]
[PlyCount "76"]
[EventDate "2024.09.05"]
[EventType "team-tourn"]
[EventCountry "HUN"]
[SourceTitle "playchess.com"]
[Source "ChessBase"]
[SourceQuality "1"]
[WhiteTeam "Algeria"]
[BlackTeam "Peru"]
[WhiteTeamCountry "ALG"]
[BlackTeamCountry "PER"]
[TimeControl "40/5400+30:1800+30"]

1. e4 c5 2. Nf3 e6 3. d4 cxd4 4. Nxd4 a6 5. c4 Nf6 6. Nc3 Bb4 7. Bd3 Nc6 8. Nxc6 dxc6 9. O-O e5 10. a3 Bd6 11. b4 O-O 12. c5 Bc7 13. h3 Qe7 14. Qc2 Nh5 15. Ne2 Qh4 16. Kh2 Re8 17. Ng1 h6 18. g3 Qe7 19. Qe2 Nf6 20. Nf3 g5 21. h4 Nh7 22. Kg2 Bg4 23. Qe3 f6 24. Bc4+ Kg7 25. Nh2 Bd7 26. g4 Nf8 27. h5 Be6 28. Qb3 Qf7 29. Bxe6 Nxe6 30. Kg3 Rad8 31. Bb2 Rd7 32. Rfd1 Red8 33. Nf1 Nf4 34. Qxf7+ Kxf7 35. Ne3 b6 36. Rxd7+ Rxd7 37. Nf5 Rd3+ 38. f3 Rd2 0-1

[Event "45th FIDE Womens Olympiad 2024"]
[Site "Budapest"]
[Date "2024.09.14"]
[Round "4.109"]
[White "Ptacnikova, Lenka"]
[Black "Medic, Mirjana"]
[Result "1/2-1/2"]
[ECO "A07"]
[WhiteElo "2065"]
[BlackElo "2101"]
[Annotator "NA"]
[PlyCount "60"]
[EventDate "2024.09.05"]
[EventType "team-tourn"]
[EventCountry "HUN"]
[SourceTitle "playchess.com"]
[Source "ChessBase"]
[SourceQuality "1"]
[WhiteTeam "Iceland"]
[BlackTeam "Croatia"]
[WhiteTeamCountry "ISL"]
[BlackTeamCountry "CRO"]
[TimeControl "40/5400+30:1800+30"]

1. Nf3 d5 2. g3 Nf6 3. Bg2 c6 4. b3 Bf5 5. Bb2 Nbd7 6. d3 h6 7. Nbd2 e6 8. O-O Qc7 9. c4 Be7 10. cxd5 exd5 11. e4 dxe4 12. dxe4 Be6 13. e5 Nd5 14. Nd4 Nc5 15. Nxe6 Nxe6 16. Nc4 O-O-O 17. Qe2 Rd7 18. a3 Rhd8 19. Rac1 Nb6 20. Bh3 Nxc4 21. Qxc4 Rd5 22. b4 Kb8 23. Bg2 Rd2 24. Bc3 R2d7 25. Bh3 Rd5 26. Bg2 R5d7 27. Bh3 Rd5 28. Bg2 R5d7 29. Bh3 Rd5 30. Bg2 R5d7 1/2-1/2

[Event "45th FIDE Womens Olympiad 2024"]
[Site "Budapest"]
[Date "2024.09.14"]
[Round "4.110"]
[White "Berke, Ana"]
[Black "Johannsdottir, Johanna Bjorg"]
[Result "1-0"]
[ECO "B31"]
[WhiteElo "2093"]
[BlackElo "2013"]
[Annotator "NA"]
[PlyCount "73"]
[EventDate "2024.09.05"]
[EventType "team-tourn"]
[EventCountry "HUN"]
[SourceTitle "playchess.com"]
[Source "ChessBase"]
[SourceQuality "1"]
[WhiteTeam "Croatia"]
[BlackTeam "Iceland"]
[WhiteTeamCountry "CRO"]
[BlackTeamCountry "ISL"]
[TimeControl "40/5400+30:1800+30"]

1. e4 c5 2. Nf3 Nc6 3. Bb5 Nf6 4. e5 Nd5 5. Nc3 Nc7 6. Bxc6 dxc6 7. O-O g6 8. Re1 Bg7 9. Ne4 Ne6 10. d3 O-O 11. Be3 b6 12. Qd2 Nd4 13. Nxd4 cxd4 14. Bh6 Be6 15. Qf4 Bd5 16. Re2 Qc7 17. Bxg7 Kxg7 18. Rae1 Rac8 19. h4 c5 20. h5 h6 21. f3 Qd7 22. e6 Qc7 23. Qh4 f5 24. Ng3 g5 25. Qh3 Qf4 26. Re5 Be4 27. dxe4 Qxe5 28. Nxf5+ Rxf5 29. Qxf5 Qf6 30. Qd5 Rc7 31. e5 Qf8 32. Qe4 Qe8 33. f4 gxf4 34. Rf1 Rc6 35. Qf5 Qg8 36. Rxf4 Qxe6 37. Rg4+ 1-0

[Event "45th FIDE Womens Olympiad 2024"]
[Site "Budapest"]
[Date "2024.09.14"]
[Round "4.111"]
[White "Thorsteinsdottir, Hallgerdur"]
[Black "Ivekovic, Tihana"]
[Result "1/2-1/2"]
[ECO "C54"]
[WhiteElo "1938"]
[BlackElo "2143"]
[Annotator "NA"]
[PlyCount "79"]
[EventDate "2024.09.05"]
[EventType "team-tourn"]
[EventCountry "HUN"]
[SourceTitle "playchess.com"]
[Source "ChessBase"]
[SourceQuality "1"]
[WhiteTeam "Iceland"]
[BlackTeam "Croatia"]
[WhiteTeamCountry "ISL"]
[BlackTeamCountry "CRO"]
[TimeControl "40/5400+30:1800+30"]

1. e4 e5 2. Nf3 Nc6 3. Bc4 Nf6 4. d3 Bc5 5. c3 d6 6. O-O a6 7. a4 Ba7 8. Re1 O-O 9. h3 h6 10. Nbd2 Re8 11. b4 Be6 12. Bxe6 Rxe6 13. Qc2 Ne7 14. Nf1 Ng6 15. Be3 Bxe3 16. Nxe3 a5 17. b5 d5 18. exd5 Nxd5 19. g3 Qd7 20. Nc4 Rf6 21. Ncxe5 Qxh3 22. Nxg6 Rxf3 23. Ne7+ Nxe7 24. Rxe7 Rf5 25. Qe2 Rh5 26. Qf3 Qh2+ 27. Kf1 Qh1+ 28. Ke2 Qxf3+ 29. Kxf3 Rc5 30. c4 Rd8 31. Re3 Kf8 32. Rae1 g6 33. Rh1 h5 34. Rhe1 b6 35. R1e2 Kg7 36. Re1 Kf6 37. Kg2 Kg7 38. Kf3 Kf6 39. Kg2 Kg7 40. Kf3 1/2-1/2

[Event "45th FIDE Womens Olympiad 2024"]
[Site "Budapest"]
[Date "2024.09.14"]
[Round "4.112"]
[White "Vujnovic, Patricija"]
[Black "Helgadottir, Idunn"]
[Result "1-0"]
[ECO "D02"]
[WhiteElo "2134"]
[BlackElo "1837"]
[Annotator "NA"]
[PlyCount "113"]
[EventDate "2024.09.05"]
[EventType "team-tourn"]
[EventCountry "HUN"]
[SourceTitle "playchess.com"]
[Source "ChessBase"]
[SourceQuality "1"]
[WhiteTeam "Croatia"]
[BlackTeam "Iceland"]
[WhiteTeamCountry "CRO"]
[BlackTeamCountry "ISL"]
[TimeControl "40/5400+30:1800+30"]

1. d4 Nf6 2. Nf3 d5 3. Bf4 c5 4. e3 Nc6 5. Nbd2 Bf5 6. dxc5 e6 7. b4 Nxb4 8. Bb5+ Nc6 9. Nd4 Qd7 10. N2b3 a6 11. Bxc6 bxc6 12. Nxf5 exf5 13. Qd4 Be7 14. O-O O-O 15. Rab1 Rfe8 16. f3 a5 17. a4 Qe6 18. Qd3 Nd7 19. Nd4 Qg6 20. Nxf5 Bxc5 21. Nd4 Ne5 22. Bxe5 Qxd3 23. cxd3 Rxe5 24. Rfc1 Bb4 25. Nxc6 Rxe3 26. Nxb4 axb4 27. Rxb4 Rxd3 28. Rc7 g6 29. Rf4 f5 30. Rb4 Rd2 31. Rbb7 h5 32. a5 Ra2 33. Rg7+ Kh8 34. Rh7+ Kg8 35. Rbg7+ Kf8 36. Rxg6 R8xa5 37. Rf6+ Kg8 38. Rxh5 Rb5 39. Rg5+ Kh7 40. h4 d4 41. Rf7+ Kh8 42. Rfxf5 Rb1+ 43. Kh2 d3 44. Rf8+ Kh7 45. Rf7+ Kh6 46. Rf6+ Kh7 47. Rd5 d2 48. Rd7+ Kg8 49. Rfd6 Rbb2 50. Rc6 Rb8 51. h5 Kf8 52. h6 Ke8 53. Rcd6 Rb5 54. Rxd2 Rxd2 55. Rxd2 Rh5+ 56. Kg3 Rxh6 57. Rd5 1-0

[Event "45th FIDE Womens Olympiad 2024"]
[Site "Budapest"]
[Date "2024.09.14"]
[Round "4.113"]
[White "Movsesian, Julia"]
[Black "Shohradova, Lala"]
[Result "1-0"]
[ECO "C02"]
[WhiteElo "2198"]
[BlackElo "2030"]
[Annotator "ChessBase"]
[PlyCount "101"]
[EventDate "2024.09.05"]
[EventType "team-tourn"]
[EventCountry "HUN"]
[SourceTitle "playchess.com"]
[Source "ChessBase"]
[SourceQuality "1"]
[WhiteTeam "Czech Republic"]
[BlackTeam "Turkmenistan"]
[WhiteTeamCountry "CZE"]
[BlackTeamCountry "TKM"]
[TimeControl "40/5400+30:1800+30"]

1. e4 e6 2. d4 d5 3. e5 c5 4. c3 Nc6 5. Nf3 Qb6 6. a3 Bd7 7. Bd3 cxd4 8. O-O a6 9. Bc2 Nge7 10. cxd4 Nf5 11. Bxf5 exf5 12. Nc3 Be6 13. b4 Be7 14. Be3 O-O 15. Qd2 Rfc8 16. Rfc1 Qd8 17. Na4 a5 18. Nc5 axb4 19. axb4 Rxa1 20. Rxa1 b6 21. Nd3 Qf8 22. Ra6 Rb8 23. b5 Na5 24. Bg5 Bxg5 25. Nxg5 Qa3 26. Nxe6 fxe6 27. h3 Qa1+ 28. Ne1 Qb1 29. Ra7 h6 30. Qc3 Nc4 31. Kh2 Rf8 32. Re7 Qxb5 33. Qg3 Rf7 34. Rxe6 Kf8 35. Qg6 Qd7 36. Rc6 Re7 37. Nd3 Qe8 38. Qxf5+ Rf7 39. Qg6 b5 40. Nc5 b4 41. Ne6+ Kg8 42. Nxg7 Nxe5 43. Nxe8+ Nxg6 44. Rxg6+ Kf8 45. Nf6 b3 46. Rg8+ Ke7 47. Nxd5+ Ke6 48. Nc3 Rc7 49. Na4 Kd5 50. Rb8 Ra7 51. Nc5 1-0

[Event "45th FIDE Womens Olympiad 2024"]
[Site "Budapest"]
[Date "2024.09.14"]
[Round "4.114"]
[White "Agajanova, Meryem"]
[Black "Kanakova, Natalie"]
[Result "0-1"]
[ECO "A87"]
[WhiteElo "2007"]
[BlackElo "2145"]
[Annotator "NA"]
[PlyCount "72"]
[EventDate "2024.09.05"]
[EventType "team-tourn"]
[EventCountry "HUN"]
[SourceTitle "playchess.com"]
[Source "ChessBase"]
[SourceQuality "1"]
[WhiteTeam "Turkmenistan"]
[BlackTeam "Czech Republic"]
[WhiteTeamCountry "TKM"]
[BlackTeamCountry "CZE"]
[TimeControl "40/5400+30:1800+30"]

1. d4 f5 2. Nf3 Nf6 3. g3 g6 4. Bg2 Bg7 5. O-O O-O 6. b3 d6 7. Bb2 Qe8 8. c4 c6 9. Nbd2 Nbd7 10. Qc2 e5 11. dxe5 dxe5 12. e4 f4 13. gxf4 Nh5 14. Nxe5 Nxf4 15. Nxd7 Qxd7 16. f3 Qe7 17. Bxg7 Qg5 18. Rf2 Bh3 19. Bh6 Qxh6 20. Bf1 Rad8 21. Kh1 Qh4 22. Nb1 Rd1 23. Qxd1 Qxf2 24. Bxh3 Nxh3 25. Nc3 Qe3 26. Nd5 cxd5 27. Qxd5+ Rf7 28. e5 Nf4 29. Qe4 Qd2 30. Rg1 Nh3 31. Qe1 Qd3 32. Rg3 Rxf3 33. Kg2 Nf4+ 34. Kg1 Ne2+ 35. Kg2 Nxg3 36. e6 Re3 0-1

[Event "45th FIDE Womens Olympiad 2024"]
[Site "Budapest"]
[Date "2024.09.14"]
[Round "4.115"]
[White "Rodshtein, Tereza"]
[Black "Shohradova, Leyla"]
[Result "0-1"]
[ECO "C02"]
[WhiteElo "2149"]
[BlackElo "1873"]
[Annotator "ChessBase"]
[PlyCount "158"]
[EventDate "2024.09.05"]
[EventType "team-tourn"]
[EventCountry "HUN"]
[SourceTitle "playchess.com"]
[Source "ChessBase"]
[SourceQuality "1"]
[WhiteTeam "Czech Republic"]
[BlackTeam "Turkmenistan"]
[WhiteTeamCountry "CZE"]
[BlackTeamCountry "TKM"]
[TimeControl "40/5400+30:1800+30"]

1. e4 e6 2. d4 d5 3. e5 c5 4. c3 Nc6 5. Nf3 Qb6 6. a3 Bd7 7. Bd3 cxd4 8. O-O Rc8 9. Re1 Nge7 10. Ng5 h6 11. Nf3 a6 12. Bc2 Qc7 13. Nxd4 Nxd4 14. Qxd4 g6 15. Bf4 Bg7 16. Nd2 Qc5 17. Qd3 Qb5 18. Nb3 Qxd3 19. Bxd3 Ba4 20. Nd4 Nc6 21. Nf3 Na5 22. Nd4 Ke7 23. Kf1 b5 24. Ke2 Nb3 25. Nxb3 Bxb3 26. Kd2 Rhd8 27. Rac1 Rd7 28. Bg3 Ke8 29. f4 Bf8 30. Bf2 Bc5 31. Bd4 Rdc7 32. g4 Be7 33. Rg1 Kd7 34. Rce1 Bh4 35. Ref1 Bc4 36. Rf3 Bxd3 37. Kxd3 Be7 38. f5 Rf8 39. Rgf1 Rcc8 40. Be3 g5 41. Bd4 Rb8 42. Rh3 Rh8 43. Rh5 a5 44. b4 Ra8 45. f6 Bf8 46. h4 gxh4 47. g5 axb4 48. axb4 Ra2 49. Rh1 Ra3 50. R5xh4 Bxb4 51. Rb1 Bxc3 52. Bxc3 Rc8 53. Rc1 hxg5 54. Rb4 Rc5 55. Kd2 Kc6 56. Rc2 Rc4 57. Bd4 Rh3 58. Rcb2 Rh4 59. Rxc4+ dxc4 60. Kc3 Rh3+ 61. Kb4 Rd3 62. Bc3 g4 63. Ra2 g3 64. Ra8 Rd1 65. Rc8+ Kb6 66. Rb8+ Kc6 67. Rg8 Rb1+ 68. Ka5 b4 69. Bd4 c3 70. Rxg3 c2 71. Be3 Rb3 72. Rg2 Rxe3 73. Rxc2+ Kd5 74. Kxb4 Kxe5 75. Rc7 Kxf6 76. Kc4 Kg6 77. Kd4 Re1 78. Kd3 f5 79. Kd2 Re5 0-1

[Event "45th FIDE Womens Olympiad 2024"]
[Site "Budapest"]
[Date "2024.09.14"]
[Round "4.116"]
[White "Rejepova, Jahan"]
[Black "Novosadova, Kristyna"]
[Result "0-1"]
[ECO "A57"]
[WhiteElo "1915"]
[BlackElo "2066"]
[Annotator "NA"]
[PlyCount "72"]
[EventDate "2024.09.05"]
[EventType "team-tourn"]
[EventCountry "HUN"]
[SourceTitle "playchess.com"]
[Source "ChessBase"]
[SourceQuality "1"]
[WhiteTeam "Turkmenistan"]
[BlackTeam "Czech Republic"]
[WhiteTeamCountry "TKM"]
[BlackTeamCountry "CZE"]
[TimeControl "40/5400+30:1800+30"]

1. d4 Nf6 2. c4 c5 3. d5 b5 4. cxb5 a6 5. e3 axb5 6. Bxb5 Qa5+ 7. Nc3 Bb7 8. Bd2 Qb6 9. Nf3 Nxd5 10. Nxd5 Bxd5 11. Bc3 e6 12. a4 Be7 13. O-O O-O 14. Qe2 Qb7 15. Nd2 f5 16. f3 Na6 17. Nc4 Bxc4 18. Bxc4 d5 19. Ba2 c4 20. Kh1 Nc5 21. a5 Bf6 22. Bd4 Qb4 23. Rab1 Rxa5 24. Bxc5 Rxc5 25. Rbd1 Ra8 26. Bb1 Qxb2 27. Rd2 Qb4 28. e4 fxe4 29. fxe4 d4 30. Rb2 d3 31. Qf2 Qxb2 32. Qxc5 Rb8 33. h4 Qe2 34. Qg1 Bd4 35. Qxd4 Qxf1+ 36. Kh2 Qxb1 0-1

[Event "45th FIDE Womens Olympiad 2024"]
[Site "Budapest"]
[Date "2024.09.14"]
[Round "4.117"]
[White "Timergazi, Layla"]
[Black "Zherebtsova, Alexandra"]
[Result "0-1"]
[ECO "D37"]
[WhiteElo "1979"]
[BlackElo "2239"]
[Annotator "ChessBase"]
[PlyCount "68"]
[EventDate "2024.09.05"]
[EventType "team-tourn"]
[EventCountry "HUN"]
[SourceTitle "playchess.com"]
[Source "ChessBase"]
[SourceQuality "1"]
[WhiteTeam "New Zealand"]
[BlackTeam "Montenegro"]
[WhiteTeamCountry "NZL"]
[BlackTeamCountry "MNE"]
[TimeControl "40/5400+30:1800+30"]

1. d4 d5 2. c4 e6 3. Nc3 h6 4. Nf3 Nf6 5. g3 dxc4 6. Bg2 Nbd7 7. O-O a6 8. Qa4 Rb8 9. Qxc4 b5 10. Qd3 Bb7 11. a3 Be7 12. b4 O-O 13. e4 Nb6 14. Ne5 Nfd7 15. Qe2 Nxe5 16. dxe5 Qd4 17. Bb2 Nc4 18. Rad1 Qb6 19. Na2 c5 20. Rd7 Rfe8 21. Rfd1 Bc6 22. R7d3 a5 23. bxc5 Bxc5 24. Rb3 Red8 25. Nc3 a4 26. Nxa4 Bxf2+ 27. Kh1 Rxd1+ 28. Qxd1 Rd8 29. Qc1 Qa5 30. Nc3 Be3 31. Qa1 Rd2 32. Qe1 Bf2 33. Qc1 Rxb2 34. Rxb2 Nxb2 0-1

[Event "45th FIDE Womens Olympiad 2024"]
[Site "Budapest"]
[Date "2024.09.14"]
[Round "4.118"]
[White "Skvortsova, Alena"]
[Black "Zhang, Jasmine Haomo"]
[Result "1-0"]
[ECO "B08"]
[WhiteElo "2179"]
[BlackElo "1956"]
[Annotator "ChessBase"]
[PlyCount "59"]
[EventDate "2024.09.05"]
[EventType "team-tourn"]
[EventCountry "HUN"]
[SourceTitle "playchess.com"]
[Source "ChessBase"]
[SourceQuality "1"]
[WhiteTeam "Montenegro"]
[BlackTeam "New Zealand"]
[WhiteTeamCountry "MNE"]
[BlackTeamCountry "NZL"]
[TimeControl "40/5400+30:1800+30"]

1. e4 c5 2. Nf3 d6 3. d4 cxd4 4. Qxd4 Nc6 5. Qd3 g6 6. Nc3 Bg7 7. Be2 Nf6 8. O-O O-O 9. Nd5 b6 10. c3 Nd7 11. Bg5 h6 12. Bh4 Re8 13. Rfd1 g5 14. Bg3 Nde5 15. Nxe5 Nxe5 16. Qd2 Be6 17. h4 gxh4 18. Bxh4 Ng6 19. Bg3 Qc8 20. a4 Qb7 21. f4 Bxd5 22. exd5 Nf8 23. Bb5 Rec8 24. Qe2 Qc7 25. Bf2 Nh7 26. Rd3 Kh8 27. Re1 Re8 28. Bxe8 Rxe8 29. Qh5 Qc4 30. Rd4 1-0

[Event "45th FIDE Womens Olympiad 2024"]
[Site "Budapest"]
[Date "2024.09.14"]
[Round "4.119"]
[White "Chang, Yolanda"]
[Black "Milovic, Aleksandra"]
[Result "0-1"]
[ECO "B22"]
[WhiteElo "1908"]
[BlackElo "2121"]
[Annotator "NA"]
[PlyCount "86"]
[EventDate "2024.09.05"]
[EventType "team-tourn"]
[EventCountry "HUN"]
[SourceTitle "playchess.com"]
[Source "ChessBase"]
[SourceQuality "1"]
[WhiteTeam "New Zealand"]
[BlackTeam "Montenegro"]
[WhiteTeamCountry "NZL"]
[BlackTeamCountry "MNE"]
[TimeControl "40/5400+30:1800+30"]

1. e4 c5 2. c3 d5 3. exd5 Qxd5 4. d4 Nf6 5. Nf3 Bg4 6. Nbd2 Nc6 7. Qa4 Bxf3 8. Nxf3 Qe4+ 9. Be3 cxd4 10. cxd4 e6 11. Bb5 Bd6 12. O-O O-O 13. Rfe1 Rfc8 14. Rad1 a6 15. Bxc6 Qxc6 16. Qb3 Qd5 17. Qd3 Qxa2 18. Bc1 Qc4 19. Qe3 Qc2 20. Ne5 Qf5 21. h3 Nd5 22. Qb3 b5 23. g4 Qc2 24. Qf3 Rc7 25. Rd2 Qb1 26. Rdd1 Bxe5 27. dxe5 Rac8 28. Bg5 Qxb2 29. h4 h6 30. Be3 Nxe3 31. Qxe3 Rc4 32. Qf3 Qb4 33. Kf1 Rxg4 34. Rd7 Qc4+ 35. Re2 Rf8 36. h5 b4 37. Qe3 Qc6 38. f3 Qxd7 39. fxg4 Qd1+ 40. Kg2 Qd5+ 41. Kh2 Rc8 42. Rf2 Rc5 43. Re2 Rc3 0-1

[Event "45th FIDE Womens Olympiad 2024"]
[Site "Budapest"]
[Date "2024.09.14"]
[Round "4.120"]
[White "Koljevic, Nikolina"]
[Black "Braganza, Nadia"]
[Result "1/2-1/2"]
[ECO "B36"]
[WhiteElo "2030"]
[BlackElo "1890"]
[Annotator "ChessBase"]
[PlyCount "161"]
[EventDate "2024.09.05"]
[EventType "team-tourn"]
[EventCountry "HUN"]
[SourceTitle "playchess.com"]
[Source "ChessBase"]
[SourceQuality "1"]
[WhiteTeam "Montenegro"]
[BlackTeam "New Zealand"]
[WhiteTeamCountry "MNE"]
[BlackTeamCountry "NZL"]
[TimeControl "40/5400+30:1800+30"]

1. e4 c5 2. Nf3 g6 3. d4 cxd4 4. Nxd4 Nc6 5. c4 Nf6 6. Nc3 d6 7. Be2 Nxd4 8. Qxd4 Bg7 9. Bg5 O-O 10. Qd2 a5 11. Rd1 Be6 12. O-O a4 13. Qc2 Qa5 14. Nd5 Bxd5 15. exd5 Rfc8 16. Qb1 Qb4 17. Rfe1 Rc7 18. Bd2 Qb6 19. Be3 Qa5 20. b4 axb3 21. axb3 Qb4 22. Bd2 Qa3 23. Bf3 h5 24. h3 b5 25. cxb5 Rb8 26. Bc1 Qc5 27. g4 Qxb5 28. gxh5 Qxb3 29. Be3 Nxh5 30. Bxh5 Qxb1 31. Rxb1 Rxb1 32. Rxb1 gxh5 33. Kg2 Bf6 34. Kf3 Rc4 35. Rg1+ Kf8 36. Ke2 Rh4 37. Rg3 Be5 38. Rf3 Bf6 39. Rg3 Be5 40. Rf3 Ke8 41. Bg5 Rd4 42. Rd3 Rc4 43. Rb3 f6 44. Be3 Bf4 45. Kf3 Bxe3 46. fxe3 Rh4 47. Kg3 Re4 48. Kf3 Re5 49. Rb5 Kf7 50. e4 f5 51. exf5 Rxf5+ 52. Ke4 Re5+ 53. Kd4 Kf6 54. Rb3 Kg5 55. Rf3 Kh4 56. Kc4 Re4+ 57. Kb5 Kg5 58. Kc6 Re5 59. Kd7 Rxd5 60. Kxe7 Rd1 61. Ke6 Rd2 62. Rf5+ Kh4 63. Rf3 Rd1 64. Kf5 Rd4 65. Ke6 Kg5 66. Rf5+ Kh4 67. Rf3 d5 68. Ke5 Rd1 69. Kf4 d4 70. Ke4 Rd2 71. Rf5 Rd1 72. Rf3 d3 73. Rf5 d2 74. Ke3 Rh1 75. Kxd2 Rxh3 76. Ke2 Rg3 77. Kf2 Ra3 78. Rf4+ Kg5 79. Rf3 Rxf3+ 80. Kxf3 h4 81. Kg2 1/2-1/2